 Dungeon Crawl Stone Soup version 0.21.0-3-g78d12a8bdd (webtiles) character file.

105636 MalkierKing the Severer (level 15, -4/147 HPs)
             Began as a Minotaur Berserker on Jan 15, 2018.
             Was the Champion of Trog.
             Killed from afar by a shock serpent (24 damage)
             ... with a bolt of electricity
             ... on level 1 of the Snake Pit on Jan 16, 2018.
             The game lasted 02:15:56 (27771 turns).

MalkierKing the Severer (Minotaur Berserker)       Turns: 27771, Time: 02:15:57

Health: -4/147     AC: 17    Str: 34    XL:     15   Next: 95%
Magic:  19/19      EV: 16    Int:  9    God:    Trog [******]
Gold:   1984       SH:  0    Dex: 15    Spells: 14/14 levels left

rFire    + + .     SeeInvis +   a - +1 broad axe of Embarrassment {chop, *Rage rF++ Str+4 SInv}
rCold    . . .     Gourm    .   Z - +0 large shield {reflect}
rNeg     + . .     Faith    .   F - +4 ring mail "Lynniuc" {+Blink}
rPois    +         Spirit   .   D - +2 hat
rElec    .         Reflect  +   (no cloak)
rCorr    .         Harm     .   J - +2 pair of gloves of Fedhas's Approval {+Inv Dex+3}
MR       +++..     Rnd*Rage +   (no boots)
Stlth    ..........             V - +3 amulet of reflection
HPRegen  1.34/turn              t - ring "Wyomiupn" {Str+5 Int+2 SInv}
MPRegen  0.16/turn              M - ring of the Briny Deep {+Fly rPois rN+ Int+2}

@: confused, regenerating
A: retaliatory headbutt, horns 2
a: Berserk, Trog's Hand, Brothers in Arms, Burn Spellbooks, Renounce Religion,
Evoke Blink, Evoke Invisibility, Evoke Flight


You were on level 1 of the Snake Pit.
You worshipped Trog.
Trog was exalted by your worship.
You were not hungry.

You visited 5 branches of the dungeon, and saw 25 of its levels.
You also visited: Volcano.

You collected 2284 gold pieces.
You spent 300 gold pieces at shops.

Inventory:

Hand Weapons
 a - the +1 broad axe of Embarrassment (weapon) {chop, *Rage rF++ Str+4 SInv}
   (You found it on level 6 of the Lair of Beasts)

   It inflicts extra damage upon your enemies.
   It affects your strength (+4).
   It greatly protects you from fire.
   It lets you see invisible.
   It may make you go berserk in combat.
 b - the +12 dagger of Falebil {pierce, rPois rF+}
   (You took it off an orc on level 8 of the Dungeon)

   It inflicts extra damage upon your enemies.
   It protects you from fire.
   It protects you from poison.
Armour
 u - a +0 cloak
 D - a +2 hat (worn)
 F - the +4 ring mail "Lynniuc" (worn) {+Blink}
   (You took it off an orc on level 5 of the Dungeon)

   It lets you blink.
 J - the +2 pair of gloves of Fedhas's Approval (worn) {+Inv Dex+3}
   (You found it on level 7 of the Dungeon)

   It affects your dexterity (+3).
   It lets you turn invisible.
 Z - a +0 large shield of reflection (worn)
Jewellery
 t - the ring "Wyomiupn" (left hand) {Str+5 Int+2 SInv}
   (You took it off a centaur on level 7 of the Dungeon)

   [ring of intelligence]

   It affects your strength (+5).
   It affects your intelligence (+2).
   It lets you see invisible.
 M - the ring of the Briny Deep (right hand) {+Fly rPois rN+ Int+2}
   (You took it off an orc on level 7 of the Dungeon)

   [ring of flight]

   It affects your intelligence (+2).
   It protects you from poison.
   It protects you from negative energy.
   It lets you fly.
 V - a +3 amulet of reflection (around neck)
Wands
 m - a wand of flame (30)
 w - a wand of digging (12)
 B - a wand of paralysis (35)
 H - a wand of random effects (66)
 I - a wand of scattershot (3)
 R - a wand of polymorph (16)
 U - a wand of iceblast (6)
Scrolls
 e - 5 scrolls of fog
 f - 2 scrolls of magic mapping
 g - 2 scrolls of random uselessness {unknown}
 h - 2 scrolls of enchant armour {unknown}
 i - 3 scrolls of immolation
 j - a scroll of holy word {unknown}
 o - 3 scrolls of summoning
 s - 13 scrolls of teleportation
 v - 2 scrolls of noise {unknown}
 y - 2 scrolls of blinking
 E - 3 scrolls of enchant weapon
 N - a scroll of brand weapon
 O - 10 scrolls of remove curse
 P - a scroll of vulnerability {unknown}
 S - 3 scrolls of fear {unknown}
Potions
 d - 3 potions of ambrosia
 k - 13 potions of curing
 l - 2 potions of mutation
 n - 2 potions of magic
 p - 3 potions of brilliance
 q - 7 potions of might
 r - 3 potions of cancellation
 x - 2 potions of heal wounds
 z - 2 potions of invisibility {unknown}
 A - 3 potions of haste {unknown}
 C - 4 potions of berserk rage
 G - 5 potions of agility
 K - 2 potions of lignification {unknown}
 L - 2 potions of flight {unknown}
 Q - 2 potions of resistance {unknown}
 X - a potion of degeneration {unknown}
Miscellaneous
 W - a fan of gales
Comestibles
 c - 42 rations


   Skills:
 * Level 17.0 Fighting
 - Level 18.0 Axes
 + Level 12.5 Armour
 + Level 11.0 Dodging
 + Level 13.0 Shields
 - Level 7.0 Evocations


You had 14 spell levels left.
You didn't know any spells.

Dungeon Overview and Level Annotations

Branches:
Dungeon (15/15)            Temple (1/1) D:6            Lair (6/6) D:9
 Shoals (0/4) Lair:3        Snake (1/4) Lair:2        Slime (0/5) Lair:5
    Orc (2/2) D:11            Elf (0/3) Orc:2        Vaults (0/5) D:13
 Depths (0/5) D:15

Altars:
Ashenzari
Cheibriados
Dithmenos
Elyvilon
Fedhas
Gozag
Hepliaklqana
Kikubaaqudgha
Makhleb
Nemelex Xobeh
Okawaru
Qazlal
Ru
Sif Muna
Trog
Uskayaw
Vehumet
Wu Jian
Xom
Yredelemnul
Zin
The Shining One
Beogh
Lugonu

Shops:
D:11 (   D:14 ?   Orc:2 [([%(

Annotations:
D:11 Sonja
Lair:5 exclusion: 2 oklob plants


Innate Abilities, Weirdness & Mutations

You reflexively headbutt those who attack you in melee.
You have a pair of horns on your head.


Message History

Okay, then.
Are you sure you want to stumble around while confused and next to your iron troll?
Okay, then.
Are you sure you want to stumble around while confused and next to your iron troll?
Okay, then.
Are you sure you want to stumble around while confused and next to your iron troll?
Okay, then.
You're too confused!
The black mamba barely misses you.
The shock serpent bites you but does no damage.
The black mamba bites your iron troll but does no damage.
Your iron troll bites the black mamba!!
Your iron troll claws the black mamba!
The black mamba dies!
Trog accepts your kill.
The black mamba bites you but does no damage.
The shock serpent shoots out a bolt of lightning at you!
The bolt of electricity hits you!
* * * LOW HITPOINT WARNING * * *
The bolt of electricity hits you!
You die...

#...##.##...###...........
#.....####.# #...........
##....## #####.......##..
##§...## ##.####..###..
#S....# ##..#####.###..
###....## #.....# #.##...
#...#### #.....# #. ####
###....#####.#### #######
##.##S@# ##.## ##.....#
###...ST# #..# #..#....
##.....†N# ###.###.##....
#.......N# #....#.###....
#.......## #.....## #....
#......N## #.#..######...
..........####...#..###...
###......N..#
#.......##...
#.........#..#...........


You could see 2 naga sharpshooters, a naga ritualist, a shock serpent, a black
mamba, a naga mage and a friendly iron troll (berserk).

Vanquished Creatures
  Asterion (Lair:2)
  Frances (D:14)
  2 orc warlords (Orc:2)
  A red draconian (Volcano)
  An ettin (D:13)
  A fire dragon (D:13)
  A yaktaur captain (D:15)
  Fannar (D:11)
  4 hydras
  9 two-headed ogres
  Erica (D:8)
  2 catoblepae
  2 death knights
  4 centaur warriors
  An ogre mage (Volcano)
  A deep troll shaman (Lair:6)
  2 orc high priests (Orc:2)
  7 death yaks
  A naga sharpshooter (Snake:1)
  A shock serpent (Snake:1)
  A shadow wraith (D:13)
  A skeletal warrior (D:13)
  4 unseen horrors
  A wizard (D:14)
  A lindwurm (D:13)
  A phantasmal warrior (D:13)
  A necromancer (D:13)
  7 orc knights
  A mana viper (Snake:1)
  A salamander (Snake:1)
  6 ugly things (D:15)
  4 orc sorcerers (Orc:2)
  A manticore (D:12)
  2 cyclopes
  9 elephants
  2 deep elf magi
  Joseph (D:8)
  9 black mambas
  4 centaur skeletons
  A torpor snail (Lair:6)
  A naga mage (Snake:1)
  2 gargoyles
  10 spiny frogs
  4 rime drakes
  An efreet (D:15)
  11 komodo dragons
  A komodo dragon (shapeshifter) (D:13)
  2 freezing wraiths
  10 trolls
  3 meliai
  2 polar bears
  8 hippogriffs
  6 blink frogs
  A centaur simulacrum (D:10)
  2 vampires
  2 shadows
  5 wyverns
  5 wraiths
  48 yaks
  4 basilisks
  4 hungry ghosts
  Grum (D:8)
  8 wargs
  An acid dragon (D:14)
  A soldier ant (D:13)
  6 nagas
  5 porcupines
  14 water moccasins
  6 sky beasts
  A swamp drake (D:9)
  3 phantoms
  5 ice beasts
  5 black bears
  An eye of draining (D:13)
  An ogre (shapeshifter) (D:13)
  54 orc warriors
  5 boggarts (D:14)
  3 necrophages
  11 ogres
  25 wolves
  17 centaurs
  12 crocodiles
  3 big kobolds
  14 bullfrogs
  6 scorpions
  5 wights (D:12)
  3 killer bees (D:9)
  3 howler monkeys
  3 vampire bats (D:5)
  8 electric eels
  10 crimson imps
  2 quasits
  A wyvern simulacrum (D:10)
  A bullfrog zombie (D:7)
  4 hounds
  5 jellies
  20 orc priests
  27 orc wizards
  6 centaur zombies
  5 iguanas
  Ijyb (D:4)
  12 worker ants
  3 hound zombies
  A human simulacrum (D:10)
  A killer bee simulacrum (D:10)
  2 worker ant zombies (D:7)
  5 gnolls
  11 adders
  3 shadow imps
  2 white imps (D:10)
  A worker ant simulacrum (D:10)
  An ufetubus (D:10)
  An ooze (D:1)
  An adder skeleton (D:7)
  2 adder zombies
  5 worms
  2 dart slugs
  7 leopard geckos
  105 orcs
  12 bats
  10 giant cockroaches
  14 goblins
  4 hobgoblins
  7 jackals
  6 quokkas
  2 ball pythons
  8 frilled lizards
  19 kobolds
  2 leopard gecko skeletons
  A leopard gecko zombie (D:7)
  A quokka skeleton (D:6)
  4 rats
  3 fungi
804 creatures vanquished.

Vanquished Creatures (collateral kills)
  An anaconda (Snake:1)
  4 black mambas (Snake:1)
5 creatures vanquished.

Vanquished Creatures (others)
  Nessos (D:12)
  A centaur warrior (D:13)
  A naga sharpshooter (Snake:1)
  A cyclops (D:15)
  A yaktaur (D:15)
  A shadow (D:14)
  A sky beast (D:10)
  4 centaurs
  An orc wizard (Orc:2)
  A human simulacrum (D:10)
  An orc (D:8)
  2 kobolds (D:9)
  3 fungi
  6 plants
25 creatures vanquished.

Grand Total: 834 creatures vanquished

Notes
Turn   | Place    | Note
-------+----------+-------------------------------------------
     0 | D:1      | MalkierKing the Minotaur Berserker began the quest for the Orb.
     0 | D:1      | Reached XP level 1. HP: 19/19 MP: 0/0
   111 | D:1      | Reached XP level 2. HP: 18/27 MP: 1/1
   348 | D:1      | Reached skill level 4 in Axes
   747 | D:1      | Reached XP level 3. HP: 29/33 MP: 2/2
  1505 | D:2      | Reached ** piety under Trog
  1872 | D:2      | Reached XP level 4. HP: 41/41 MP: 3/3
  1985 | D:2      | Found a snail-covered altar of Cheibriados.
  2341 | D:3      | Reached skill level 1 in Shields
  2342 | D:3      | Reached XP level 5. HP: 26/47 MP: 4/4
  2564 | D:3      | Reached skill level 5 in Fighting
  2564 | D:3      | Reached skill level 5 in Axes
  2785 | D:3      | Reached *** piety under Trog
  3012 | D:4      | Reached XP level 6. HP: 20/56 MP: 5/5
  3489 | D:4      | Noticed Ijyb
  3491 | D:4      | Paralysed by Ijyb for 6 turns
  3502 | D:4      | Killed Ijyb
  3660 | D:4      | Found a radiant altar of Vehumet.
  3663 | D:4      | Found a burning altar of Makhleb.
  3667 | D:4      | Found a hazy altar of Hepliaklqana.
  3667 | D:4      | Found a white marble altar of Elyvilon.
  3667 | D:4      | Found a hide-covered altar of Uskayaw.
  3678 | D:4      | Found a glowing golden altar of the Shining One.
  3682 | D:4      | Found an ornate altar of the Wu Jian Council.
  3762 | D:4      | Reached skill level 6 in Axes
  3786 | D:5      | Entered Level 5 of the Dungeon
  3850 | D:6      | Noticed a sky beast
  3852 | D:6      | Noticed an orc warrior
  3921 | D:5      | Reached XP level 7. HP: 34/63 MP: 6/6
  4219 | D:5      | Found a sparkling altar of Nemelex Xobeh.
  4280 | D:5      | Reached **** piety under Trog
  4511 | D:5      | Got a transparent ring mail
  4523 | D:5      | Identified the +4 ring mail "Lynniuc" {+Blink} (You took it off an orc on level 5 of the Dungeon)
  4625 | D:6      | Reached skill level 5 in Shields
  4631 | D:6      | Reached skill level 7 in Axes
  4631 | D:6      | Reached XP level 8. HP: 60/73 MP: 7/7
  4665 | D:6      | Found a white marble altar of Elyvilon.
  4796 | D:6      | Reached skill level 5 in Armour
  4948 | D:6      | Found a staircase to the Ecumenical Temple.
  4960 | Temple   | Entered the Ecumenical Temple
  5167 | D:7      | Found Kuxip's Antique Weapon Shoppe.
  5197 | D:7      | Got a pair of shimmering gloves
  5208 | D:7      | Identified the +2 pair of gloves of Fedhas's Approval {+Inv Dex+3} (You found it on level 7 of the Dungeon)
  5258 | D:7      | Found an iron altar of Okawaru.
  5365 | D:7      | Reached skill level 8 in Axes
  5506 | D:7      | Found an opulent altar of Gozag.
  5560 | D:7      | Found an ancient bone altar of Kikubaaqudgha.
  5908 | D:7      | Found a runed door.
  5970 | D:7      | Killed an unseen horror
  5970 | D:7      | Reached XP level 9. HP: 46/82 MP: 8/8
  6148 | D:7      | Reached skill level 9 in Axes
  6377 | D:7      | Got a glittering copper ring
  6381 | D:7      | Got a faintly glowing lead ring
  6403 | D:7      | Got a clouded brass ring
  6406 | D:7      | Identified the ring "Wyomiupn" {Str+5 Int+2 SInv} (You took it off a centaur on level 7 of the Dungeon)
  6408 | D:7      | Identified the ring of the Briny Deep {+Fly rPois rN+ Int+2} (You took it off an orc on level 7 of the Dungeon)
  6410 | D:7      | Identified the ring "Pyleutor" {AC+1 SInv} (You found it on level 7 of the Dungeon)
  6599 | D:8      | Noticed Grum
  6618 | D:8      | Killed Grum
  6926 | D:8      | Reached XP level 10. HP: 93/93 MP: 9/9
  7052 | D:8      | Reached skill level 10 in Axes
  7053 | D:8      | Reached skill level 10 in Fighting
  7270 | D:8      | Found a burning altar of Makhleb.
  7271 | D:8      | Noticed Erica
  7289 | D:8      | Killed Erica
  7289 | D:8      | Reached skill level 5 in Dodging
  7289 | D:8      | Reached skill level 1 in Evocations
  7427 | D:8      | Noticed Joseph
  7443 | D:8      | Killed Joseph
  7506 | D:8      | Got an ancient dagger {pierce}
  7508 | D:8      | Identified the +12 dagger of Falebil {pierce, rPois rF+} (You took it off an orc on level 8 of the Dungeon)
  7545 | D:8      | Found a deep blue altar of Sif Muna.
  8251 | D:8      | Reached skill level 11 in Axes
  8441 | D:8      | Reached ***** piety under Trog
  8447 | D:8      | Reached XP level 11. HP: 45/102 MP: 11/11
  8977 | D:9      | Found a staircase to the Lair.
  9065 | D:10     | Entered Level 10 of the Dungeon
  9311 | D:10     | HP: 1/103 [electric eel/bolt of electricity (7)]
  9325 | D:10     | Noticed a two-headed ogre
  9453 | D:9      | Killed a two-headed ogre
  9656 | D:10     | Noticed an unseen horror
  9663 | D:10     | Killed an unseen horror
 10070 | D:10     | Reached skill level 12 in Axes
 10804 | D:11     | Found Yluora's Weapon Shoppe.
 10847 | D:11     | Found a staircase to the Orcish Mines.
 11348 | D:11     | Received a gift from Trog
 11356 | D:11     | Noticed Sonja
 11357 | D:11     | Noticed Fannar
 11389 | D:11     | Killed Fannar
 12278 | D:12     | Reached XP level 12. HP: 109/113 MP: 14/14
 12291 | D:12     | Noticed Nessos
 12300 | D:12     | Killed Nessos
 12773 | Lair:1   | Entered Level 1 of the Lair of Beasts
 12968 | Lair:1   | Found a dark tunnel.
 12981 | Volcano  | Entered a volcano
 12997 | Volcano  | Noticed an ogre mage
 13000 | Volcano  | Found a radiant altar of Vehumet.
 13001 | Volcano  | Noticed a red draconian
 13003 | Volcano  | Noticed a two-headed ogre
 13008 | Volcano  | Noticed a two-headed ogre
 13009 | Volcano  | Killed a two-headed ogre
 13010 | Volcano  | Noticed a two-headed ogre
 13018 | Volcano  | Killed a two-headed ogre
 13018 | Volcano  | Reached skill level 10 in Shields
 13021 | Volcano  | Killed a two-headed ogre
 13021 | Volcano  | Reached skill level 13 in Axes
 13028 | Volcano  | Killed a red draconian
 13040 | Volcano  | Killed an ogre mage
 13087 | Volcano  | Noticed a two-headed ogre
 13087 | Volcano  | Noticed a two-headed ogre
 13114 | Volcano  | Killed a two-headed ogre
 13116 | Volcano  | Killed a two-headed ogre
 13116 | Volcano  | Reached skill level 5 in Evocations
 13378 | Volcano  | Noticed a two-headed ogre
 13384 | Volcano  | Killed a two-headed ogre
 13912 | Lair:2   | Noticed an eight-headed hydra
 13922 | Lair:2   | Killed an eight-headed hydra
 14007 | Lair:2   | Noticed a five-headed hydra
 14021 | Lair:2   | Killed a five-headed hydra
 14021 | Lair:2   | Reached skill level 10 in Armour
 14404 | Lair:2   | Reached XP level 13. HP: 99/123 MP: 16/16
 14517 | Lair:2   | Found a staircase to the Snake Pit.
 14542 | Lair:2   | Received a gift from Trog
 14577 | Lair:2   | Got a smoking hand axe {god gift}
 14579 | Lair:2   | Identified the +1 hand axe "Spiderslayer" {speed, rElec rPois rC+ Dex-5} (Trog gifted it to you on level 2 of the Lair of Beasts)
 14930 | Lair:2   | Reached skill level 14 in Axes
 15618 | Lair:3   | Found a bloodstained altar of Trog.
 15725 | Lair:3   | Found a staircase to the Shoals.
 16065 | Lair:4   | Identified the Collected Works on Supportive Execration
 16233 | Lair:4   | Found a basalt altar of Yredelemnul.
 17778 | Lair:5   | Found a staircase to the Slime Pits.
 17836 | Lair:6   | Entered Level 6 of the Lair of Beasts
 17858 | Lair:6   | Received a gift from Trog
 17944 | Lair:6   | Reached ****** piety under Trog
 18670 | Lair:6   | Reached XP level 14. HP: 129/133 MP: 17/17
 18740 | Lair:6   | Reached skill level 15 in Axes
 18844 | Lair:6   | Reached skill level 15 in Fighting
 19374 | Lair:6   | Got a transparent broad axe
 19378 | Lair:6   | Identified the cursed +1 broad axe of Embarrassment {chop, *Rage rF++ Str+4 SInv} (You found it on level 6 of the Lair of Beasts)
 20163 | Orc:1    | Entered Level 1 of the Orcish Mines
 20279 | Orc:1    | Received a gift from Trog
 20538 | Orc:2    | Entered Level 2 of the Orcish Mines
 20937 | Orc:2    | Paralysed by an orc sorcerer for 4 turns
 21757 | Orc:2    | Found a roughly hewn altar of Beogh.
 21778 | Orc:2    | Found Lumm's Armour Shoppe.
 21785 | Orc:2    | Noticed an orc warlord
 21800 | Orc:2    | Killed an orc warlord
 21800 | Orc:2    | Reached skill level 10 in Dodging
 21812 | Orc:2    | Received a gift from Trog
 21896 | Orc:2    | Found Matwom's Antique Weapon Emporium.
 21899 | Orc:2    | Found a roughly hewn altar of Beogh.
 21912 | Orc:2    | Found Wuipseut's Antique Armour Shoppe.
 22208 | Orc:2    | Found a staircase to the Elven Halls.
 22234 | Orc:2    | Noticed an orc warlord
 22264 | Orc:2    | Received a gift from Trog
 22267 | Orc:2    | Killed an orc warlord
 22267 | Orc:2    | Reached skill level 16 in Axes
 22339 | Orc:2    | Found Mubbom's Weapon Shop.
 22463 | Orc:2    | Found a roughly hewn altar of Beogh.
 22464 | Orc:2    | Found Entopry's Food Emporium.
 22738 | Orc:2    | Found a roughly hewn altar of Beogh.
 23142 | D:13     | Reached XP level 15. HP: 132/144 MP: 19/19
 23319 | D:13     | Received a gift from Trog
 23943 | D:13     | Found a gate to the Vaults.
 24509 | D:14     | Found Vutwa's Magic Scroll Shop.
 24519 | D:14     | Bought a scroll of brand weapon for 300 gold pieces
 24538 | D:14     | Received a gift from Trog
 24603 | D:14     | Got a polished plate armour
 24614 | D:14     | Identified the cursed +1 plate armour "Qunimest" {rF++} (You found it on level 14 of the Dungeon)
 24871 | D:14     | Noticed Frances
 24889 | D:14     | Killed Frances
 25314 | D:14     | Reached skill level 17 in Axes
 25604 | D:15     | Entered Level 15 of the Dungeon
 26260 | D:15     | Reached skill level 18 in Axes
 26663 | D:15     | Found a staircase to the Depths.
 27116 | Snake:1  | Entered Level 1 of the Snake Pit
 27116 | Snake:1  | Noticed Asterion
 27138 | Lair:2   | Killed Asterion
 27765 | Snake:1  | Received a gift from Trog
 27771 | Snake:1  | Killed from afar by a shock serpent

Skill      XL: |  1  2  3  4  5  6  7  8  9 10 11 12 13 14 15 |
---------------+----------------------------------------------+-----
Axes           | 4 5 6 7 8 9 11 12 13 14 16 18 | 18.0
Fighting       | 4 5 6 7 8 9 11 12 13 14 16 17 | 17.0
Armour         | 3 4 6 7 8 9 10 11 12 | 12.5
Shields        | 1 2 3 5 7 8 9 10 11 12 13 | 13.0
Dodging        | 3 4 5 7 8 9 10 11 | 11.0
Evocations     | 2 4 5 6 7 |  7.0

Action                   |  1- 3 |  4- 6 |  7- 9 | 10-12 | 13-15 || total
-------------------------+-------+-------+-------+-------+-------++-------
Melee: Hand axe          |    79 |   188 |    36 |       |   677 ||   980
       Headbutt          |    10 |    38 |    69 |   190 |   459 ||   766
       War axe           |       |       |   270 |   209 |    42 ||   521
       Dagger            |       |       |       |   399 |    12 ||   411
       Broad axe         |       |       |       |       |   711 ||   711
Invok: Trog's Hand       |       |     1 |       |     1 |     3 ||     5
       Berserk           |       |       |     1 |     2 |     1 ||     4
       Burn Spellbooks   |       |       |       |     2 |     4 ||     6
       Brothers in Arms  |       |       |       |       |     1 ||     1
 Abil: Evoke Blink       |       |       |       |     2 |    15 ||    17
Evoke: Wand              |       |       |       |     1 |       ||     1
  Use: Scroll            |     1 |       |     4 |     9 |     9 ||    23
       Potion            |       |     1 |       |     2 |     3 ||     6
 Stab: Paralysed         |       |       |       |     2 |       ||     2
       Petrifying        |       |       |       |       |     1 ||     1
       Petrified         |       |       |       |       |     3 ||     3
  Eat: Chunk             |    13 |     1 |    12 |    24 |    29 ||    79
       Ration            |       |       |       |     1 |     5 ||     6
Armor: Leather armour    |    15 |       |       |       |       ||    15
       Ring mail         |    10 |    63 |    81 |   113 |   178 ||   445
       Plate armour      |       |       |     3 |       |       ||     3
Dodge: Dodged            |    40 |    34 |    69 |   158 |   289 ||   590
Block: Large shield      |    15 |   157 |   293 |   672 |  1349 ||  2486
       Reflection        |       |       |    24 |    32 |    77 ||   133
